 Dungeon Crawl Stone Soup version 0.23-a0-558-g30802b1 (console) character file.

296808 Duffy the Tortoise (level 20, 213/213 HPs)
             Began as a Naga Fighter on Dec 11, 2018.
             Was an Initiate of Gozag.
             Quit the game on level 2 of the Vaults.
             The game lasted 01:23:33 (54635 turns).

Duffy the Tortoise (Naga Fighter)                  Turns: 54635, Time: 01:23:34

Health: 213/213    AC: 47    Str: 25    XL:     20   Next: 92%
Magic:  27/27      EV:  4    Int: 15    God:    Gozag
Gold:   1280       SH: 21    Dex: 16    Spells: 19/19 levels left

rFire    + . .     SeeInvis +   a - +5 broad axe (elec)
rCold    + . .     Gourm    .   x - +0 large shield (curse)
rNeg     + . .     Faith    .   c - +12 crystal plate armour
rPois    +         Spirit   .   Y - +2 helmet {SInv}
rElec    .         Reflect  .   G - +1 cloak {MR+}
rCorr    +         Harm     .   T - +0 pair of gloves {Dex+3}
MR       +++++     Clarity  +   (no barding)
Stlth    ..........             l - amulet of the Four Winds {rN+ MR+++ Clar}
HPRegen  0.45/turn              I - ring of Shadows {Umbra +Inv Stlth+}
MPRegen  0.20/turn              q - ring "Rayrch" {rCorr rF+ rC+ MR- Int+6}

@: wreathed by umbra, very slow
A: large, iridescent scales 1, see invisible, deformed body, poison resistance,
robust 1, slowness 2, slow metabolism 1, spit poison 1, constrict 1, AC +6
}: 2/15 runes: barnacled, gossamer
a: Spit Poison, Potion Petition, Call Merchant, Bribe Branch, Renounce Religion,
Evoke Invisibility


You were on level 2 of the Vaults.
You worshipped Gozag.
Gozag was most pleased with you.
You were not hungry.

You visited 8 branches of the dungeon, and saw 37 of its levels.
You visited 1 bazaar.
You also visited: Ossuary and Gauntlet.

You collected 16026 gold pieces.
You spent 7132 gold pieces at shops.
You paid 7614 gold pieces to Gozag.

Inventory:

Hand Weapons
 a - a +5 broad axe of electrocution (weapon)
Missiles
 u - 11 throwing nets (quivered)
Armour
 c - a +12 crystal plate armour (worn)
 x - a cursed +0 large shield (worn)
 G - a +1 cloak of magic resistance (worn)
 T - a +0 pair of gloves of dexterity (worn)
 Y - a +2 helmet of see invisible (worn)
Jewellery
 e - the ring of the Dragon {Ice rPois rN++}
   (You found it in a Gauntlet)

   [ring of ice]

   It enhances your ice magic.
   It makes you vulnerable to fire.
   It protects you from cold.
   It protects you from poison.
   It greatly protects you from negative energy.
 l - the amulet of the Four Winds (around neck) {rN+ MR+++ Clar}
   (You bought it in a shop on level 2 of the Orcish Mines)

   [amulet of nothing]

   It protects you from negative energy.
   It affects your resistance to hostile enchantments.
   It protects you against confusion.
 q - the ring "Rayrch" (right hand) {rCorr rF+ rC+ MR- Int+6}
   (You bought it in a shop on level 2 of the Orcish Mines)

   [ring of resist corrosion]

   It affects your intelligence (+6).
   It protects you from fire.
   It protects you from cold.
   It affects your resistance to hostile enchantments.
 I - the ring of Shadows (left hand) {Umbra +Inv Stlth+}
   (You found it on level 1 of the Lair of Beasts)

   [ring of stealth]

   It lets you turn invisible.
   It makes you more stealthy.
Wands
 s - a wand of digging (3)
 J - a wand of clouds (19)
 N - a wand of iceblast (12)
 O - a wand of acid (35)
 P - a wand of paralysis (8)
Scrolls
 i - 21 scrolls of remove curse
 j - 5 scrolls of fog
 o - 9 scrolls of teleportation
 w - 10 scrolls of fear
 y - 9 scrolls of blinking
 A - 9 scrolls of immolation
 B - 5 scrolls of magic mapping
 D - 3 scrolls of summoning
 E - 5 scrolls of vulnerability
 M - 18 scrolls of identify
 U - 4 scrolls of silence
Potions
 d - 8 potions of might
 f - 17 potions of curing
 k - 4 potions of resistance
 m - 2 potions of flight
 n - 9 potions of ambrosia
 r - 17 potions of heal wounds
 v - 2 potions of mutation
 C - 5 potions of berserk rage
 F - 2 potions of haste
 K - 4 potions of cancellation
 L - 3 potions of magic
 X - 3 potions of agility
Miscellaneous
 b - a box of beasts
 g - a lightning rod (4/4)
 h - a lamp of fire
 p - a phial of floods
 Q - 2 sacks of spiders
 W - a phantom mirror
Comestibles
 t - 44 rations


   Skills:
 - Level 15.0 Fighting
 - Level 18.0 Axes
 + Level 18.3 Armour
 - Level 15.0 Shields
 - Level 10.0 Evocations


You had 19 spell levels left.
You didn't know any spells.
Your spell library contained the following spells:

 Spells                   Type           Power        Failure   Level  Hunger
 Animate Skeleton         Necr           N/A          99%         1    ##.....
 Apportation              Tloc           #.....       99%         1    ##.....
 Confusing Touch          Hex            #.....       99%         1    ##.....
 Freeze                   Ice            #...         99%         1    ##.....
 Infusion                 Chrm           #...         99%         1    ##.....
 Magic Dart               Conj           #...         99%         1    ##.....
 Pain                     Necr           #...         99%         1    ##.....
 Summon Butterflies       Summ           #.......     99%         1    ##.....
 Summon Small Mammal      Summ           #...         99%         1    ##.....
 Blink                    Tloc           N/A          100%        2    ###....
 Call Imp                 Summ           #.......     100%        2    ###....
 Searing Ray              Conj           #.....       100%        2    ###....
 Shroud of Golubria       Chrm/Tloc      #.........   100%        2    ###....
 Slow                     Hex            #.......     100%        2    ###....
 Song of Slaying          Chrm           #.......     100%        2    ###....
 Throw Frost              Conj/Ice       #.....       100%        2    ###....
 Call Canine Familiar     Summ           #.......     100%        3    ####...
 Confuse                  Hex            #.......     100%        3    ####...
 Conjure Flame            Conj/Fire      #.......     100%        3    ####...
 Dazzling Spray           Conj/Hex       #.....       100%        3    ####...
 Gell's Gravitas          Tloc           #.........   100%        3    ####...
 Lesser Beckoning         Tloc           #.........   100%        3    ####...
 Mephitic Cloud           Conj/Pois/Air  #.......     100%        3    ####...
 Ozocubu's Armour         Chrm/Ice       #.......     100%        3    ####...
 Portal Projectile        Hex/Tloc       #.....       100%        3    ####...
 Recall                   Summ/Tloc      N/A          100%        3    ####...
 Regeneration             Chrm/Necr      #.........   100%        3    ####...
 Spectral Weapon          Hex/Chrm       #.......     100%        3    ####...
 Summon Guardian Golem    Hex/Summ       #.......     100%        3    ####...
 Teleport Other           Tloc           #.......     100%        3    ####...
 Animate Dead             Necr           N/A          100%        4    #####..
 Cause Fear               Hex            #.........   100%        4    #####..
 Force Lance              Conj/Tloc      #.......     100%        4    #####..
 Fulminant Prism          Conj/Hex       #.........   100%        4    #####..
 Iskenderun's Mystic Bla  Conj           #.......     100%        4    #####..
 Passage of Golubria      Tloc           N/A          100%        4    #####..
 Petrify                  Tmut/Erth      #.......     100%        4    #####..
 Summon Ice Beast         Ice/Summ       #.......     100%        4    #####..
 Summon Lightning Spire   Summ/Air       #.......     100%        4    #####..
 Throw Icicle             Conj/Ice       #.......     100%        4    #####..
 Borgnjor's Vile Clutch   Necr/Erth      #.........   100%        5    ######.
 Metabolic Englaciation   Hex/Ice        #.........   100%        5    ######.
 Silence                  Hex/Air        #.........   100%        5    ######.
 Summon Demon             Summ           #.........   100%        5    ######.
 Summon Mana Viper        Hex/Summ       #.......     100%        5    ######.
 Yara's Violent Unravell  Hex/Tmut       #.........   100%        5    ######.
 Bolt of Cold             Conj/Ice       #.........   100%        6    #######
 Death Channel            Necr           #.........   100%        6    #######
 Deflect Missiles         Chrm/Air       #.........   100%        6    #######
 Dispersal                Tloc           #.........   100%        6    #######
 Shadow Creatures         Summ           N/A          100%        6    #######
 Simulacrum               Ice/Necr       #.........   100%        6    #######
 Malign Gateway           Summ/Tloc      #.........   100%        7    #######
 Summon Hydra             Summ           #.........   100%        7    #######
 Controlled Blink         Tloc           N/A          100%        8    #######
 Discord                  Hex            #.........   100%        8    #######
 Disjunction              Tloc           #.........   100%        8    #######
 Tornado                  Air            #.........   100%        9    #######


Dungeon Overview and Level Annotations

Branches:
Dungeon (15/15)            Temple (1/1) D:5            Lair (6/6) D:9
 Shoals (4/4) Lair:4       Spider (4/4) Lair:4        Slime (0/5) Lair:6
    Orc (2/2) D:11            Elf (3/3) Orc:2        Vaults (2/5) D:14
 Depths (0/5) D:15
  Crypt: Vaults:2-3

Altars:
Ashenzari
Cheibriados
Dithmenos
Elyvilon
Fedhas
Gozag
Hepliaklqana
Kikubaaqudgha
Makhleb
Nemelex Xobeh
Okawaru
Qazlal
Ru
Sif Muna
Trog
Uskayaw
Vehumet
Wu Jian
Xom
Yredelemnul
Zin
The Shining One
Beogh

Shops:
D:4 !   D:8 !   D:9 }   Orc:2 ([=[   Elf:1 :(*([   Elf:2 ***!   Shoals:4 %
Vaults:1 ?![

Annotations:
Elf:2 4 runed doors, Dism's ghost, adept GnAs
Vaults:1 Woonno's ghost, legendary MfIE


Innate Abilities, Weirdness & Mutations

You cannot wear boots.
Your serpentine skin is tough. (AC +6)
You have supernaturally acute eyesight. (SInv)
Armour fits poorly on your strangely shaped body.
Your system is resistant to poisons. (rPois)
You cover ground very slowly.
You have a slow metabolism.
You can spit poison.
You can use your snake-like lower body to constrict enemies.
You are partially covered in iridescent scales. (AC +2)
You are robust. (+10% HP)


Message History

You now have 1275 gold pieces (gained 7).
There is a large open door here.
You now have 1280 gold pieces (gained 5).
There is a large open door, spattered with blood here.
Things that are here:
a +2 glaive of venom; a +0 chain mail You open the door.
Found a stone staircase leading down.
There is an open door here.
You open the door.
There is an open door here.
There is an open door here.
There is a stone staircase leading down here.
There is an open door here.
You open the door.
Found a halberd.
There is an open door here.
You see here a halberd.
Found a wand of polymorph (10).
Are you sure you want to abandon this character and quit the game? (Confirm

...# ...# #########
........# ........#
........###############+#
........#................
........#.....)..........
........'........@.......
........#................
#########................
#................
#..............$.
+................
#.............../
................ $


There were no monsters in sight!

Vanquished Creatures
  Saint Roka (Orc:2)
  Nikola (Elf:3)
  Arachne (Spider:3)
  The ghost of Kirum the Severer, an adept NaWn of Gozag (Spider:3)
  2 deep elf blademasters (Elf:3)
  2 deep elf master archers (Elf:3)
  Polyphemus (Shoals:3)
  Frances (Spider:1)
  Kirke (Lair:4)
  A vault warden (Vaults:1)
  2 deep elf sorcerers (Elf:3)
  Louise (Spider:3)
  5 deep elf elementalists (Elf:3)
  2 emperor scorpions (Spider:4)
  4 ghost moths
  The ghost of Zuhuvud the Grappler, a journeyman TrMo of Cheibriados (Lair:6)
  A ghoul (Vaults:2)
  An entropy weaver (Spider:4)
  An ironheart preserver (Vaults:1)
  5 deep elf demonologists
  A dire elephant (Lair:6)
  Azrael (D:12)
  8 deep elf annihilators (Elf:3)
  A minotaur (Gauntlet)
  2 spark wasps (Spider:4)
  The ghost of Amnesiac the Unseen, a journeyman SpEn of Gozag (Orc:2)
  Snorg (D:11)
  9 merfolk javelineers
  9 merfolk impalers
  2 fire dragons
  4 deep elf death magi (Elf:3)
  A yaktaur captain (Vaults:1)
  Josephine (Shoals:1)
  4 vault guards (Vaults:1)
  10 hydras
  4 deep elf high priests (Elf:3)
  Harold (D:7)
  A satyr (Shoals:3)
  Erica (D:11)
  An ogre mage (Vaults:1)
  A centaur warrior (Vaults:1)
  A catoblepas (Shoals:3)
  7 two-headed ogres
  4 merfolk avatars
  8 merfolk aquamancers
  The ghost of phyphor the Cleaver, a novice DDFi of Makhleb (D:9)
  An anaconda (Lair:6)
  2 death knights (Vaults:2)
  A vampire mage (D:15)
  4 death yaks (Shoals:3)
  A tengu warrior (D:15)
  An orc high priest (Orc:2)
  Urug (D:12)
  11 deep elf knights
  7 skeletal warriors (D:15)
  A fire crab (Gauntlet)
  2 shadow wraiths
  14 sea snakes
  2 sixfirhies (Gauntlet)
  8 deep elf archers
  An obsidian statue (D:11)
  5 unseen horrors
  A golden dragon skeleton (D:15)
  A swamp dragon (Lair:6)
  10 harpies
  2 kraken simulacra (Shoals:4)
  3 orc knights
  A lindwurm (shapeshifter) (D:11)
  3 wolf spider zombies
  A phantasmal warrior (Vaults:2)
  2 necromancers
  2 frost giant zombies (D:15)
  25 wolf spiders
  15 orb spiders
  4 orc sorcerers (Orc:2)
  48 deep elf magi
  34 ugly things
  11 fauns
  4 moths of wrath
  5 cyclopes
  10 manticores
  Maurice (D:13)
  6 black mambas
  2 centaur zombies
  8 merfolk sirens
  2 torpor snails
  4 water nymphs
  4 elephants (Lair:6)
  4 gargoyles
  A minotaur zombie (Gauntlet)
  9 spiny frogs
  6 kobold demonologists
  4 komodo dragons
  3 rime drakes
  3 yaktaurs
  A yaktaur (shapeshifter) (Vaults:1)
  8 trolls
  13 demonic crawlers
  A jumping spider (shapeshifter) (D:14)
  35 jumping spiders
  31 merfolk
  A queen bee (shapeshifter) (Vaults:1)
  3 wind drakes
  Prince Ribbit (D:8)
  11 polar bears
  7 meliai
  7 hornets
  3 raiju (Lair:6)
  22 blink frogs
  4 slime creatures
  14 tyrant leeches (Spider:4)
  11 dream sheep
  A meliai zombie (D:15)
  9 snapping turtles
  7 hippogriffs
  4 air elementals
  98 redbacks
  3 spriggans (D:9)
  6 wraiths
  A shadow (D:10)
  An elf zombie (D:15)
  41 tarantellas
  2 wyverns
  17 water elementals
  64 yaks
  6 fire elementals
  2 vampires
  3 fire bats (Gauntlet)
  A hog (Lair:4)
  A hungry ghost (D:8)
  3 steam dragons
  3 basilisks
  3 swamp worms (Spider:4)
  7 wargs
  3 acid dragons
  20 hell hounds
  2 soldier ants
  7 water moccasins
  10 porcupines
  Duvessa (D:7)
  7 sky beasts
  An eye of draining (shapeshifter) (D:14)
  41 orc warriors
  12 black bears
  An elephant zombie (Lair:4)
  2 eyes of draining
  2 swamp drakes (Lair:6)
  5 boggarts (Vaults:1)
  3 phantoms
  A necrophage (D:11)
  15 ogres
  4 ice beasts
  24 wolves
  15 centaurs
  7 big kobolds
  17 crocodiles
  15 bullfrogs
  4 earth elementals
  Dowan (D:7)
  A wyvern zombie (D:6)
  5 scorpions
  5 killer bees
  4 electric eels
  4 wights (D:10)
  5 howler monkeys
  4 crimson imps
  4 bullfrog zombies
  6 hounds
  A quasit (D:8)
  A basilisk zombie (Lair:4)
  7 jellies
  24 orc priests
  4 centaur skeletons
  8 iguanas
  21 orc wizards
  2 hell rats (Lair:3)
  11 worker ants
  A killer bee zombie (D:7)
  A crocodile zombie (Lair:4)
  2 hound zombies
  A hound skeleton (D:10)
  8 mummies (Ossuary)
  A worker ant zombie (D:8)
  14 adders
  6 gnolls
  8 river rats (Lair:3)
  3 shadow imps
  An ooze (D:2)
  2 adder skeletons
  5 worms
  2 dart slugs
  5 leopard geckos
  88 orcs
  3 ball pythons
  5 bats
  4 giant cockroaches
  10 goblins
  6 hobgoblins
  21 jackals
  30 kobolds
  10 quokkas
  4 frilled lizards
  4 gnoll zombies (Ossuary)
  A hobgoblin zombie (Ossuary)
  A jackal skeleton (D:4)
  A jackal zombie (D:7)
  A kobold zombie (Ossuary)
  2 orc zombies (Ossuary)
  6 rats
  2 fungi
  11 plants
  2 tentacles (Shoals:4)
1486 creatures vanquished.

Vanquished Creatures (collateral kills)
  A yak (D:11)
  2 orc warriors (Orc:2)
  3 orc wizards (Orc:2)
  2 orcs (Orc:2)
8 creatures vanquished.

Vanquished Creatures (others)
  7 dancing weapons
  2 deep elf magi (Elf:3)
  2 humans (Lair:4)
  An acid dragon (D:11)
  A centaur (D:10)
  2 orc wizards
  A worker ant (D:11)
  3 orcs
  2 kobolds (D:14)
  A bush (Lair:6)
  18 fungi
  27 plants
  16 tentacles (Shoals:4)
83 creatures vanquished.

Grand Total: 1577 creatures vanquished

Notes
Turn   | Place    | Note
-------+----------+-------------------------------------------
     0 | D:1      | Duffy the Naga Fighter began the quest for the Orb.
     0 | D:1      | Reached XP level 1. HP: 21/21 MP: 1/1
    52 | D:2      | Reached XP level 2. HP: 11/28 MP: 2/2
   542 | D:4      | Reached XP level 3. HP: 24/34 MP: 3/3
   936 | D:4      | Reached XP level 4. HP: 10/42 MP: 4/4
  1428 | D:5      | Entered Level 5 of the Dungeon
  1498 | D:5      | Reached XP level 5. HP: 40/49 MP: 5/5
  1592 | D:5      | Noticed a phantom
  1635 | D:5      | Killed a phantom
  1635 | D:5      | Reached XP level 6. HP: 8/56 MP: 6/6
  1709 | D:5      | Found a sand-covered staircase.
  1803 | Ossuary  | Entered an ossuary
  1868 | Ossuary  | HP: 1/56 [gnoll zombie (3)]
  2349 | Ossuary  | Reached skill level 5 in Axes
  2684 | D:4      | Found Ora Vuxi's Distillery.
  2687 | D:4      | Bought a potion of heal wounds for 60 gold pieces
  2687 | D:4      | Bought a potion of curing for 36 gold pieces
  2977 | D:5      | Noticed a sky beast
  3005 | D:5      | Killed a sky beast
  3005 | D:5      | Reached skill level 5 in Shields
  3005 | D:5      | Reached XP level 7. HP: 8/62 MP: 7/7
  3639 | D:5      | Found a staircase to the Ecumenical Temple.
  3647 | Temple   | Entered the Ecumenical Temple
  3924 | Temple   | Became a worshipper of Gozag Ym Sagoz the Greedy
  5857 | D:3      | Reached XP level 8. HP: 37/69 MP: 8/8
  7661 | D:4      | Bought a potion of experience for 600 gold pieces
  7661 | D:4      | Bought a potion of degeneration for 12 gold pieces
  7662 | D:4      | Reached XP level 9. HP: 87/87 MP: 9/9
  8110 | D:6      | Reached skill level 10 in Axes
  8480 | D:6      | Got a black opal-encrusted chain mail
  8491 | D:6      | Identified the +4 chain mail of Untruth {rC+ Str+7} (You
                  | found it on level 6 of the Dungeon)
  8828 | D:7      | Noticed Duvessa
  8828 | D:7      | Noticed Dowan
  8843 | D:7      | Killed Duvessa
  8854 | D:7      | Killed Dowan
  9313 | D:7      | Noticed Harold
  9343 | D:7      | Killed Harold
  9343 | D:7      | Reached skill level 5 in Armour
  9343 | D:7      | Reached XP level 10. HP: 63/96 MP: 10/10
 10475 | D:8      | Noticed a two-headed ogre
 10487 | D:8      | Killed a two-headed ogre
 10544 | D:8      | Found Aresayl's Distillery.
 10559 | D:8      | Bought a potion of haste for 140 gold pieces
 10559 | D:8      | Bought a potion of resistance for 140 gold pieces
 10559 | D:8      | Bought a potion of invisibility for 112 gold pieces
 10559 | D:8      | Bought a potion of heal wounds for 70 gold pieces
 10725 | D:8      | Noticed Prince Ribbit
 10821 | D:8      | Killed Prince Ribbit
 11153 | D:9      | Found a staircase to the Lair.
 11213 | D:9      | Found a runed door.
 11216 | D:9      | Noticed phyphor's ghost (novice DDFi)
 11220 | D:9      | Identified the +2 trident "Kecsaimn" {pierce, rPois rF+}
 11267 | D:9      | Reached XP level 11. HP: 72/103 MP: 11/11
 11745 | D:9      | Found Hahal's Gadget Shop.
 11753 | D:9      | Bought a wand of paralysis (7) for 144 gold pieces
 11909 | D:9      | Found a hide-covered altar of Uskayaw.
 12017 | D:9      | Reached skill level 1 in Evocations
 12186 | D:10     | Entered Level 10 of the Dungeon
 13434 | D:11     | Noticed an unseen horror
 13442 | D:10     | Reached skill level 5 in Evocations
 13874 | D:10     | Killed an unseen horror
 13920 | D:11     | Noticed Snorg
 14569 | D:11     | Killed Snorg
 14569 | D:11     | Reached XP level 12. HP: 71/112 MP: 16/16
 14841 | D:11     | Found a staircase to the Orcish Mines.
 14852 | Orc:1    | Entered Level 1 of the Orcish Mines
 14852 | Orc:1    | Noticed Erica
 14863 | D:11     | Killed Erica
 15709 | D:11     | Identified the +7 quarterstaff "Keinalo" {freeze, rC+}
 16430 | Orc:1    | Reached skill level 10 in Fighting
 16435 | Orc:1    | Noticed a two-headed ogre
 16449 | D:11     | Killed a two-headed ogre
 16988 | Lair:1   | Entered Level 1 of the Lair of Beasts
 17001 | Lair:1   | Found the ring of Shadows {Umbra +Inv Stlth+}
 17002 | Lair:1   | Found a gate leading to a gauntlet.
 17186 | Gauntlet | Entered a Gauntlet
 17186 | Gauntlet | Found a transporter.
 17186 | Gauntlet | Found a transporter.
 17385 | Gauntlet | Found a transporter.
 17489 | Gauntlet | Found a transporter.
 17501 | Gauntlet | Found a transporter.
 17523 | Gauntlet | Found a transporter.
 17540 | Gauntlet | Found a transporter.
 17541 | Gauntlet | Found a transporter.
 17558 | Gauntlet | Found a transporter.
 17578 | Gauntlet | Found a transporter.
 17713 | Gauntlet | Gained mutation: You can use your snake-like lower body to
                  | constrict enemies. [Naga growth]
 17713 | Gauntlet | Reached XP level 13. HP: 40/124 MP: 17/17
 18359 | Gauntlet | Got a glittering granite ring
 18360 | Gauntlet | Identified the ring of the Dragon {Ice rPois rN++} (You
                  | found it in a Gauntlet)
 18370 | Gauntlet | Noticed a minotaur
 18380 | Gauntlet | Killed a minotaur
 21142 | Lair:4   | Found a staircase to the Shoals.
 21143 | Lair:4   | Noticed Kirke
 21155 | Lair:4   | Killed Kirke
 21155 | Lair:4   | Reached skill level 10 in Armour
 22038 | Lair:4   | Found a hole to the Spider Nest.
 22049 | Lair:4   | Reached XP level 14. HP: 100/135 MP: 18/18
 22990 | Lair:5   | Reached skill level 10 in Shields
 23305 | Lair:6   | Entered Level 6 of the Lair of Beasts
 24044 | Lair:6   | Noticed a dire elephant
 24047 | Lair:6   | Noticed Zuhuvud's ghost (journeyman TrMo)
 24611 | Lair:6   | Found a staircase to the Slime Pits.
 24897 | Lair:6   | Found a transporter.
 24899 | Lair:6   | Found a transporter.
 25440 | Lair:6   | Reached XP level 15. HP: 128/144 MP: 21/21
 25858 | D:9      | Killed phyphor's ghost
 26074 | Orc:2    | Entered Level 2 of the Orcish Mines
 26084 | Orc:2    | Gained mutation: You are weak. (Str -2) [a neqoxec]
 26085 | Orc:2    | Gained mutation: You do not regenerate when monsters are
                  | visible. [a neqoxec]
 26437 | Orc:2    | Found a runed door.
 26437 | Orc:2    | Found a flickering gateway to a bazaar.
 26469 | Bazaar   | Entered a bazaar
 26469 | Bazaar   | Found Vicavoys's Magic Scroll Shop.
 26476 | Bazaar   | Found Xouh's Weapon Shoppe.
 26476 | Bazaar   | Found Bamim's Antique Weapon Emporium.
 26505 | Bazaar   | Found Xaniv's General Store.
 26513 | Bazaar   | Found Ocock's Armour Boutique.
 26527 | Bazaar   | Bought a +0 pair of gloves of dexterity for 115 gold pieces
 26546 | Bazaar   | Bought a scroll of enchant armour for 52 gold pieces
 26546 | Bazaar   | Bought a scroll of summoning for 66 gold pieces
 26546 | Bazaar   | Bought a phantom mirror for 210 gold pieces
 26546 | Bazaar   | Bought a scroll of magic mapping for 24 gold pieces
 26546 | Bazaar   | Bought a potion of agility for 28 gold pieces
 26546 | Bazaar   | Bought a +2 helmet of see invisible for 150 gold pieces
 26557 | Bazaar   | Bought a ration for 35 gold pieces
 26557 | Bazaar   | Bought a ration for 35 gold pieces
 26576 | Bazaar   | Bought a scroll of fear for 28 gold pieces
 26576 | Bazaar   | Bought a scroll of immolation for 28 gold pieces
 26576 | Bazaar   | Bought a scroll of teleportation for 24 gold pieces
 26576 | Bazaar   | Bought a scroll of identify for 16 gold pieces
 26576 | Bazaar   | Bought a scroll of blinking for 60 gold pieces
 26576 | Bazaar   | Bought a scroll of identify for 16 gold pieces
 26576 | Bazaar   | Bought a scroll of identify for 16 gold pieces
 26576 | Bazaar   | Bought a scroll of identify for 16 gold pieces
 26588 | Bazaar   | Bought a runed war axe for 240 gold pieces
 26621 | Orc:2    | Noticed Amnesiac's ghost (journeyman SpEn)
 26706 | Orc:2    | Killed Amnesiac's ghost
 26977 | Orc:2    | Found a roughly hewn altar of Beogh.
 26980 | Orc:2    | Found a roughly hewn altar of Beogh.
 27169 | Orc:2    | Found a roughly hewn altar of Beogh.
 27183 | Orc:2    | Found Teus's Jewellery Emporium.
 27190 | Orc:2    | Bought a cursed amulet of inaccuracy for 34 gold pieces
 27190 | Orc:2    | Bought a cursed ring of teleportation for 76 gold pieces
 27228 | Orc:2    | Found a staircase to the Elven Halls.
 27233 | Orc:2    | Found a roughly hewn altar of Beogh.
 27234 | Orc:2    | Found Kegiunet's Antique Armour Shoppe.
 27347 | Orc:2    | Found a roughly hewn altar of Beogh.
 27796 | Orc:2    | Noticed Saint Roka
 27859 | Orc:2    | Killed Saint Roka
 28184 | Orc:2    | Found a roughly hewn altar of Beogh.
 28184 | Orc:2    | Found Xarghud's Antique Weapon Shop.
 28188 | Orc:2    | Found Rupueg's Antique Armour Boutique.
 28248 | Orc:2    | Bought a faintly glowing plate armour for 840 gold pieces
 28248 | Orc:2    | Identified the cursed +1 plate armour of the Abyss {Dex+4}
                  | (You bought it in a shop on level 2 of the Orcish Mines)
 28301 | Orc:2    | Bought the amulet of the Four Winds {rN+ MR+++ Clar} for
                  | 746 gold pieces
 28301 | Orc:2    | Found the amulet of the Four Winds {rN+ MR+++ Clar}
 28301 | Orc:2    | Bought the ring "Rayrch" {rCorr rF+ rC+ MR- Int+6} for 839
                  | gold pieces
 28856 | D:12     | Noticed Azrael
 28873 | D:12     | Killed Azrael
 29329 | D:12     | Noticed Urug
 29339 | D:12     | Killed Urug
 29434 | D:12     | You fall through a shaft for 2 floors!
 29464 | D:14     | Reached skill level 10 in Evocations
 29545 | D:14     | Reached skill level 15 in Axes
 30031 | D:13     | Noticed Maurice
 30042 | D:13     | Killed Maurice
 31232 | D:14     | Reached XP level 16. HP: 152/152 MP: 9/23
 31334 | D:14     | Found a gate to the Vaults.
 31437 | D:15     | Entered Level 15 of the Dungeon
 31806 | D:15     | Found a staircase to the Depths.
 32241 | D:15     | Identified the +8 chain mail "Pilout" {rCorr Dex+2 Stlth+}
                  | (You found it on level 15 of the Dungeon)
 33762 | Elf:1    | Entered Level 1 of the Elven Halls
 34611 | Elf:1    | Found Misch's Armour Boutique.
 34641 | Elf:1    | Found Inaedaewoa's Weapon Shop.
 35232 | Elf:1    | Identified Isuluk's Collected Works on Calling
 35251 | Elf:1    | Found Vakuv's Book Shoppe.
 35364 | Elf:1    | Found Ceibe's Antique Weapon Shoppe.
 35503 | Elf:1    | Found Longuak's Assorted Antiques.
 35520 | Elf:1    | Bought a scroll labeled XUADOGG PIROMU for 18 gold pieces
 35525 | Elf:1    | Bought a wand of acid (6) for 144 gold pieces
 36291 | Elf:2    | Found a runed gate.
 36293 | Elf:2    | Found a runed gate.
 36293 | Elf:2    | Found a runed gate.
 36364 | Elf:2    | Identified the +8 glaive "Doadus" {chaos, -Tele rElec
                  | Dex+5}
 36378 | Elf:2    | Found a runed door.
 36378 | Elf:2    | Found a shimmering altar of Xom.
 36378 | Elf:2    | Noticed Dism's ghost (adept GnAs)
 36541 | Elf:2    | Reached XP level 17. HP: 162/162 MP: 24/24
 36730 | Elf:3    | Entered Level 3 of the Elven Halls
 37736 | Elf:3    | Noticed Nikola
 37754 | Elf:3    | Killed Nikola
 38891 | Elf:2    | Bought a potion of heal wounds for 85 gold pieces
 38891 | Elf:2    | Bought a potion of heal wounds for 85 gold pieces
 38891 | Elf:2    | Bought a potion of heal wounds for 85 gold pieces
 38891 | Elf:2    | Bought a potion of heal wounds for 85 gold pieces
 38895 | Elf:2    | Bought a scroll of identify for 74 gold pieces
 38895 | Elf:2    | Bought a scroll labeled FADGHA PUNOYFA for 37 gold pieces
 38895 | Elf:2    | Bought a scroll of identify for 74 gold pieces
 38921 | Elf:2    | Bought a scroll of enchant armour for 217 gold pieces
 38925 | Elf:2    | Bought a scroll of enchant armour for 187 gold pieces
 38936 | Elf:2    | Lost mutation: You are weak. (Str -2) [potion of mutation]
 38936 | Elf:2    | Lost mutation: You do not regenerate when monsters are
                  | visible. [potion of mutation]
 38936 | Elf:2    | Gained mutation: Your spells are a little easier to cast,
                  | but a little less powerful. [potion of mutation]
 38936 | Elf:2    | Gained mutation: You have a pair of small horns on your
                  | head. [potion of mutation]
 38937 | Elf:2    | Lost mutation: Your spells are a little easier to cast, but
                  | a little less powerful. [potion of mutation]
 38937 | Elf:2    | Lost mutation: You have a pair of small horns on your head.
                  | [potion of mutation]
 38937 | Elf:2    | Gained mutation: You are robust. (+10% HP) [potion of
                  | mutation]
 38937 | Elf:2    | Gained mutation: You are partially covered in iridescent
                  | scales. (AC +2) [potion of mutation]
 38941 | Elf:2    | Bought an ivory wand for 148 gold pieces
 39004 | Elf:3    | Identified the cursed +0 morningstar "Orouth" {venom, rElec
                  | rF+ Str+4 Dex-2}
 39004 | Elf:3    | Identified the amulet of Pel Weqi {Faith rC+ Str+3}
 39311 | Elf:3    | Identified the +8 morningstar "Thing" {crush, rC+ Dex+4
                  | Stlth+}
 39487 | Elf:3    | Noticed a deep elf blademaster
 39498 | Elf:3    | Killed a deep elf blademaster
 39572 | Elf:3    | Noticed a deep elf master archer
 39584 | Elf:3    | Killed a deep elf master archer
 39682 | Elf:3    | Noticed a deep elf master archer
 39692 | Elf:3    | Killed a deep elf master archer
 39724 | Elf:3    | Reached XP level 18. HP: 191/191 MP: 25/25
 39892 | Elf:3    | Noticed a deep elf blademaster
 39958 | Elf:3    | Killed a deep elf blademaster
 40340 | Elf:3    | Identified the Tome of Spatial Evil
 40403 | Elf:3    | Identified the Reference Book on the Cloudy Glacier
 40750 | Spider:1 | Entered Level 1 of the Spider Nest
 41172 | Spider:1 | Noticed Frances
 41215 | Spider:1 | Killed Frances
 43182 | Spider:3 | Noticed Louise
 43196 | Spider:3 | Killed Louise
 43999 | Spider:3 | Noticed Arachne
 44021 | Spider:3 | Killed Arachne
 44448 | Spider:3 | Found a runed door.
 44448 | Spider:3 | Noticed Kirum's ghost (adept NaWn)
 44484 | Spider:3 | Killed Kirum's ghost
 44695 | Spider:4 | Entered Level 4 of the Spider Nest
 44782 | Spider:4 | Reached XP level 19. HP: 181/201 MP: 26/26
 45115 | Spider:4 | Got a steaming bronze amulet
 45118 | Spider:4 | Identified the amulet of Qaest {+Rage Str+5} (You found it
                  | on level 4 of the Spider Nest)
 45334 | Spider:4 | Reached skill level 15 in Shields
 46305 | Spider:4 | Reached skill level 15 in Fighting
 46729 | Spider:4 | Got a gossamer rune of Zot
 46935 | Shoals:1 | Entered Level 1 of the Shoals
 46956 | Shoals:1 | Noticed Josephine
 46973 | Shoals:1 | Killed Josephine
 47987 | Shoals:2 | You fall through a shaft!
 48093 | Shoals:3 | Noticed Polyphemus
 48147 | Shoals:3 | Killed Polyphemus
 48643 | Shoals:3 | Identified Nolaw's Compendium of the Supportive Compass
 49481 | Shoals:2 | Reached XP level 20. HP: 174/213 MP: 27/27
 49787 | Shoals:2 | Reached skill level 15 in Armour
 50170 | Shoals:4 | Entered Level 4 of the Shoals
 50171 | Shoals:4 | Found Gaevonn's Food Shoppe.
 51396 | Shoals:4 | Got a barnacled rune of Zot
 52245 | Lair:6   | Killed Zuhuvud's ghost
 52891 | Vaults:1 | Entered Level 1 of the Vaults
 52901 | Vaults:1 | Bought a potion of heal wounds for 85 gold pieces
 52901 | Vaults:1 | Bought a potion of heal wounds for 85 gold pieces
 52901 | Vaults:1 | Bought a potion of heal wounds for 85 gold pieces
 52902 | Vaults:1 | Bought a heavily runed helmet for 256 gold pieces
 52902 | Vaults:1 | Identified the cursed +0 helmet "Susigaicw" {Str+2 Int+3}
                  | (You bought it in a shop on level 1 of the Vaults)
 52907 | Vaults:1 | Bought a potion of might for 68 gold pieces
 52907 | Vaults:1 | Bought 2 potions of might for 136 gold pieces
 52907 | Vaults:1 | Bought a potion of resistance for 170 gold pieces
 53779 | Vaults:1 | Found a large runed door.
 53779 | Vaults:1 | Found a large runed door.
 53943 | Vaults:1 | Noticed Woonno's ghost (legendary MfIE)
 54403 | Vaults:1 | Identified the cursed +1 ring mail of Responsibility {MR+}
                  | (You found it on level 1 of the Vaults)
 54635 | Vaults:2 | Quit the game

Vault maps used:
D:1:      dpeg_arrival_tiny_c, st_stairs_11
D:2:      serial_bayou, serial_bayou_crossing, serial_bayou_shore_b,
          serial_bayou_lagoon_b, serial_bayou_shore_b, serial_bayou_lake_a,
          serial_bayou_lagoon_a
D:3:      first_ration
D:4:      serial_shops, kennysheep_mini_moat
D:5:      minmay_temple_entry_gardened_gates, nicolae_ossuary_entry_monument,
          serial_park_tiny_2, grunt_decor_clamped
D:6:      centaur_isle
D:7:      uniq_duvessa, uniq_harold
D:8:      serial_shops, shop, uniq_prince_ribbit1
D:9:      eat_drink_and_be_merry_uskayaw, dpeg_oklobed_lair,
          ebering_ghost_funeral_grove, serial_shops,
          nicolae_shop_temple_entry_statues_fountains
D:11:     minmay_the_grid_octo_tiled_octocenter_mashed, david_orc_4,
          hangedman_stone_soup, minivault_16, kennysheep_generic_room_2,
          uniq_snorg
D:12:     uniq_azrael, uniq_urug
D:13:     uniq_maurice
D:14:     david_vaults_4, hangedman_decor_points, minivault_4,
          lemuel_old_faithful
D:15:     gammafunk_depths_entry_grave, interstate_on_off
Temple:   roderic_octagonal_lattice_temple
Lair:1:   gauntlet_entry_generic
Lair:3:   chequers_serial_rivers_room_a, kennysheep_rathole
Lair:4:   pond_and_an_island_with_a_cottage, elwin_shoals_entry_rocks,
          spider_nest_entry_funnel_web, uniq_kirke
Lair:6:   hangedman_lair_caniforms_friends, guppyfry_lair_end_dragon,
          slime_dummy, gammafunk_ghost_arena
Shoals:1: nicolae_shoals_wave_tunnel, uniq_josephine
Shoals:2: st_sunken_temple
Shoals:3: uniq_polyphemus
Shoals:4: shoals_end_grunt_ice, serial_shops, shop
Spider:1: uniq_frances
Spider:3: ebering_ghost_inner_flame, uniq_arachne, uniq_louise
Spider:4: grunt_spider_rune_parallel, worms_lemuel
Orc:1:    uniq_erica
Orc:2:    grunt_orc_community_town_hall, grunt_orc_community_big_house_1,
          grunt_orc_community_big_house_2, grunt_orc_community_house_2,
          grunt_orc_community_house_2, grunt_orc_community_house_3,
          grunt_orc_community_house_1, grunt_orc_community_house_2,
          ebering_ghost_reflecting_pool, serial_shops, bzr_in_the_mist,
          basic_altar
Elf:1:    minmay_elf_arrival_circle, serial_shops, nicolae_shop_behind_doors,
          nicolae_shop_window_shopping, shop_statue,
          nicolae_shop_window_shopping, shop, minmay_elf_demonology
Elf:2:    ebering_ghost_xom
Elf:3:    elf_hall, grunt_megastairs_3, uniq_nikola
Vaults:1: ebering_vaults_ghost_disaster_area,
          nicolae_vaults_windows_and_doors_thing, ontoclasm_vaults_idyll,
          v_misc_14, nicolae_vaults_mini_display_case, vaults_dpeg_hooks,
          vaults_room_grunt_arrival_checkpoint, dpeg_vaults_monster_box,
          nicolae_vaults_ring_of_whatevers, vaults_room_pools
Vaults:2: vaults_mumra_hex, hangedman_vaults_snaps, v_pattern_5,
          nicolae_vaults_triangles, hangedman_vaults_nails, vaults_dpeg_cross,
          v_misc_15, nicolae_vaults_little_squares_3, v_misc_29,
          vaults_mumra_chevron, nicolae_vaults_little_squares_1,
          ontoclasm_vaults_tryst, ontoclasm_vaults_pinch, serial_shops, shop
Bazaar:   bazaar_kb_twisted_cavern
Ossuary:  ossuary_tomb_3
Gauntlet: gammafunk_gauntlet_shortcut

Skill      XL: |  1  2  3  4  5  6  7  8  9 10 11 12 13 14 15 16 17 18 19 20 |
---------------+-------------------------------------------------------------+-----
Shields        | 3 4 5 8 9 10 12 13 14 15 | 15.0
Axes           | 3 4 5 6 9 10 11 12 14 15 16 17 18 | 18.0
Fighting       | 7 8 10 11 12 13 14 15 | 15.0
Armour         | 5 7 9 10 11 12 14 18 | 18.3
Evocations     | 6 8 10 | 10.0

Action                   |  1- 3 |  4- 6 |  7- 9 | 10-12 | 13-15 | 16-18 | 19-21 || total
-------------------------+-------+-------+-------+-------+-------+-------+-------++-------
Melee: War axe           |    37 |   174 |   386 |   307 |       |       |       ||   904
       Broad axe         |       |       |       |   414 |  1214 |  1379 |  1229 ||  4236
       Constrict         |       |       |       |       |   260 |   241 |   216 ||   717
       Scimitar          |       |       |       |       |    13 |       |       ||    13
 Fire: Blowgun           |       |       |       |     5 |       |       |       ||     5
Throw: Throwing net      |       |       |     1 |     1 |     1 |       |       ||     3
Invok: Call Merchant     |       |       |       |       |       |     4 |     3 ||     7
 Abil: Spit Poison       |     4 |     8 |     9 |     6 |       |       |       ||    27
Evoke: Wand              |       |       |       |    47 |    12 |     3 |     3 ||    65
       Sack of spiders   |       |       |       |       |     2 |       |       ||     2
  Use: Potion            |       |       |     1 |     7 |     4 |     6 |     1 ||    19
       Scroll            |       |       |    12 |    11 |     8 |    19 |    13 ||    63
 Stab: Distracted        |       |       |       |     3 |     2 |    17 |    11 ||    33
       Confused          |       |       |       |     5 |       |       |       ||     5
       Paralysed         |       |       |       |     5 |       |       |       ||     5
       Invisible         |       |       |       |     1 |       |       |       ||     1
       Held in net/web   |       |       |       |     1 |       |       |       ||     1
       Petrified         |       |       |       |       |       |       |     4 ||     4
  Eat: Chunk             |       |     1 |     2 |       |     1 |       |       ||     4
       Ration            |       |     1 |     5 |     7 |    12 |    10 |     7 ||    42
Armor: Scale mail        |    22 |    38 |    88 |       |       |       |       ||   148
       Chain mail        |       |       |    50 |   312 |   454 |   194 |       ||  1010
       Crystal plate arm |       |       |       |       |       |   369 |   761 ||  1130
Dodge: Dodged            |     7 |    50 |    73 |   169 |   145 |   147 |   101 ||   692
Block: Shield            |    20 |    71 |   211 |   531 |    51 |       |       ||   884
       Reflection        |       |       |       |    22 |     8 |       |       ||    30
       Large shield      |       |       |       |       |  1254 |  1085 |  1108 ||  3447
       Rpst.: Scimitar   |       |       |       |       |     1 |       |       ||     1

Table legend:
 A = Non-vault XP
 B = Vault XP
 C = Vault XP percentage of total XP
 D = Non-vault monster count
 E = Vault monster count
 F = Vault count percentage of total count
                 A         B        C        D         E       F
            +---------+---------+-------+---------+---------+-------
      Total |  271177 |  211853 |  43.9 |    1006 |     485 |  32.5
            +---------+---------+-------+---------+---------+-------
        D:1 |      37 |       6 |  14.0 |      20 |       3 |  13.0
        D:2 |      46 |       0 |   0.0 |      14 |       0 |   0.0
        D:3 |     273 |       0 |   0.0 |      31 |       0 |   0.0
        D:4 |     178 |       0 |   0.0 |      15 |       0 |   0.0
        D:5 |     682 |       0 |   0.0 |      21 |       0 |   0.0
        D:6 |     402 |     693 |  63.3 |      16 |       6 |  27.3
        D:7 |    1445 |    1232 |  46.0 |      36 |       3 |   7.7
        D:8 |    1995 |     286 |  12.5 |      26 |       1 |   3.7
        D:9 |    2126 |    1672 |  44.0 |      20 |       5 |  20.0
       D:10 |    3591 |     784 |  17.9 |      37 |       7 |  15.9
       D:11 |    5727 |    7609 |  57.1 |      48 |      38 |  44.2
       D:12 |    5134 |    3434 |  40.1 |      15 |      10 |  40.0
       D:13 |    5170 |     480 |   8.5 |      26 |       1 |   3.7
       D:14 |   11185 |    2107 |  15.9 |      37 |       4 |   9.8
       D:15 |   19683 |    5135 |  20.7 |      55 |       8 |  12.7
     Lair:1 |    4890 |       0 |   0.0 |      21 |       0 |   0.0
     Lair:2 |    4095 |       0 |   0.0 |      21 |       0 |   0.0
     Lair:3 |    2179 |     177 |   7.5 |       8 |      12 |  60.0
     Lair:4 |    5254 |    4209 |  44.5 |      27 |      10 |  27.0
     Lair:5 |    5832 |       0 |   0.0 |      25 |       0 |   0.0
     Lair:6 |   12694 |   20176 |  61.4 |      40 |      78 |  66.1
   Shoals:1 |    7868 |    4674 |  37.3 |      18 |      14 |  43.8
   Shoals:2 |   14414 |    7029 |  32.8 |      33 |       9 |  21.4
   Shoals:3 |   13462 |    6709 |  33.3 |      24 |       6 |  20.0
   Shoals:4 |    9714 |   25287 |  72.2 |      20 |      32 |  61.5
   Spider:1 |   17615 |    2272 |  11.4 |      56 |       1 |   1.8
   Spider:2 |   11986 |       0 |   0.0 |      43 |       0 |   0.0
   Spider:3 |   15530 |    8855 |  36.3 |      47 |       4 |   7.8
   Spider:4 |   14931 |   29571 |  66.4 |      45 |      73 |  61.9
      Orc:1 |    1213 |       0 |   0.0 |      14 |       0 |   0.0
      Orc:2 |    5029 |   11021 |  68.7 |      37 |      74 |  66.7
      Elf:1 |    7045 |    5179 |  42.4 |      15 |       8 |  34.8
      Elf:2 |   13337 |       0 |   0.0 |      20 |       0 |   0.0
      Elf:3 |   29824 |   42302 |  58.7 |      43 |      28 |  39.4
   Vaults:1 |   13410 |   10284 |  43.4 |      28 |      14 |  33.3
   Vaults:2 |    3181 |    5720 |  64.3 |       4 |      10 |  71.4
    Ossuary |       0 |     155 | 100.0 |       0 |      16 | 100.0
   Gauntlet |       0 |    4795 | 100.0 |       0 |      10 | 100.0
            +---------+---------+-------+---------+---------+-------
